[Event "*** Titled Tuesday 3|2 Blitz"]
[Site "Chess.com"]
[Date "2016.07.05"]
[Round "8"]
[White "Saitama_Hero"]
[Black "oggy1984"]
[Result "0-1"]
[WhiteElo "2103"]
[BlackElo "2301"]
[TimeControl "180+2"]
[EndTime "12:43:12 PDT"]
[Termination "oggy1984 won by checkmate"]

1. d4 Nf6 2. c4 g6 3. Nc3 Bg7 4. e4 d6 5. Nf3 O-O 6. Be2 c5 7. O-O cxd4 8. Nxd4 Nc6 9. Be3 Bd7 10. f3 Nxd4 11.
Bxd4 Bc6 12. b3 a5 13. Rc1 Nd7 14. Bxg7 Kxg7 15. Nd5 Bxd5 16. cxd5 Qb6+ 17. Kh1 Rfc8 18. f4 Qe3 19. Rxc8 Rxc8 20. Bg4 Rc7 21. Bf3 Rc3 22. e5 dxe5 23. fxe5 Qxe5 24. Re1 Qf6 25. Qd2 b5 26. Rxe7 Rxf3 27. gxf3 Qxe7 28. Qxa5 Qe2 29. Qc3+ Nf6 30.
Kg1 h5 31. d6 h4 32. h3 Qd1+ 33. Kf2 Qxd6 34. a4 bxa4 35. bxa4 Qg3+ 36. Ke2 Qxh3 37.
a5 Qg2+ 38. Ke3 h3 39. a6 h2 40. a7 Qg1+ 41. Kf4 h1=Q 42. a8=Q Qh4+ 43. Ke5 Qgg3+ 44. f4 Qhxf4# 0-1

[Event "*** Titled Tuesday 3|2 Blitz"]
[Site "Chess.com"]
[Date "2016.07.05"]
[Round "8"]
[White "Astaneh"]
[Black "David_Klein"]
[Result "1-0"]
[WhiteElo "2474"]
[BlackElo "2419"]
[TimeControl "180+2"]
[EndTime "12:43:20 PDT"]
[Termination "Astaneh won by checkmate"]

1. d4 Nf6 2. c4 e6 3. Nf3 d5 4. Nc3 dxc4 5. e3 a6 6. a4 b6 7. Bxc4 Bb7 8. O-O Nbd7 9. Qe2 c5 10. Rd1 cxd4 11. exd4 Be7 12. d5 exd5 13. Nxd5 Nxd5 14. Bxd5 Qc7 15. Bxf7+ Kf8 16. Ba2 Bf6 17. Ng5 Bxg5 18. Bxg5 Re8 19. Qd3 Qc6 20. Qg3 Nf6 21. Rac1 Qe4 22.
Qa3+ Re7 23. f3 Qg6 24. Rd8+ Qe8 25. Rxe8+ Kxe8 26. Bxf6 gxf6 27. Qd6 Re5 28. Qxf6 Re2 29. Qxh8+ Ke7 30. Qxh7+ Kd6 31. Qxb7 b5 32. Qxa6+ Ke5 33. Qxb5+ Kf4 34. Qxe2 Kg5 35. Rc4 Kh5 36. Rg4 Kh6 37.
Qe6+ Kh7 38. Qg6+ Kh8 39. Qh5# 1-0

[Event "*** Titled Tuesday 3|2 Blitz"]
[Site "Chess.com"]
[Date "2016.07.05"]
[Round "8"]
[White "viditchess"]
[Black "Abrito99"]
[Result "0-1"]
[WhiteElo "2505"]
[BlackElo "2347"]
[TimeControl "180+2"]
[EndTime "12:43:30 PDT"]
[Termination "Abrito99 won by checkmate"]

1. Nf3 Nf6 2. c4 g6 3. Nc3 Bg7 4. d4 O-O 5. g3 d6 6. Bg2 Nbd7 7.
O-O c5 8. b3 a6 9. Bb2 Rb8 10. a4 b6 11. e4 Ne8 12. d5 b5 13.
axb5 axb5 14. Qc2 bxc4 15. bxc4 Nc7 16. Nd1 Bxb2 17. Nxb2 f6 18. Nd3 Na6 19. Nf4 Ne5 20. Qc3 Nb4 21. Ra7 Rf7 22. h4 Qb6 23. Rfa1 Ba6 24. R7xa6 Nxa6 25. Nxe5 fxe5 26. Ne6 Nc7 27. Bh3 Rf6 28. f4 Nxe6 29. Bxe6+ Kg7 30. fxe5 dxe5 31. Qxe5 Qb3 32. Bg4 Qe3+ 33. Kg2 Qf2+ 34. Kh3 Rb2 35. Qxe7+ Kh6 36. Be6 Qg2+ 37. Kg4 Qxe4+ 38.
Kh3 Qg2+ 39. Kg4 Rbf2 40. Ra7 R2f4# 0-1

[Event "*** Titled Tuesday 3|2 Blitz"]
[Site "Chess.com"]
[Date "2016.07.05"]
[Round "8"]
[White "wonderfultime"]
[Black "mwpchess"]
[Result "0-1"]
[WhiteElo "2666"]
[BlackElo "2457"]
[TimeControl "180+2"]
[EndTime "12:43:38 PDT"]
[Termination "mwpchess won by resignation"]

1. d4 Nf6 2. c4 e6 3. Nf3 d5 4. Nc3 dxc4 5. Bf4 Bb4 6. Qa4+ Nc6 7. Ne5 Qxd4 8. Rd1 Bxc3+ 9. bxc3 Qxc3+ 10. Rd2 Ne4 11.
Nxc6 Nxd2 12. Ne5+ c6 13. Bxd2 Qxe5 14. Qxc4 Qa1+ 15.
Bc1 O-O 16. e3 e5 17. Bd3 Be6 18. Qc2 Qxa2 19. Bb2 Qb3 20. Qb1 Bc4 21. Bxh7+ Kh8 22. Qc2 Qxc2 23. Bxc2 f6 24. h4 Bg8 25. h5 Bh7 26.
Bb3 a5 27. Ba3 b5 28. Bxf8 Rxf8 29. Kd2 a4 30. Be6 Bg8 31. Bf5 a3 32. Kc3 a2 33.
Kb2 Rd8 34. h6 gxh6 35. Rxh6+ Kg7 36. Rg6+ Kf7 37. Rg3 Rd2+ 38. Ka1 Kf8 39. Bg4 Rxf2 40. Rf3 Rxf3 41. Bxf3 c5 42. Bc6 b4 43. Kb2 Kg7 44.
g3 Kh6 0-1

[Event "*** Titled Tuesday 3|2 Blitz"]
[Site "Chess.com"]
[Date "2016.07.05"]
[Round "8"]
[White "Fandorine"]
[Black "LyonBeast"]
[Result "0-1"]
[WhiteElo "2644"]
[BlackElo "2746"]
[TimeControl "180+2"]
[EndTime "12:43:47 PDT"]
[Termination "LyonBeast won by resignation"]

1. e4 c5 2. Ne2 d6 3. d4 cxd4 4. Nxd4 Nf6 5. Nc3 a6 6. g3 e5 7. Nde2 h5 8. Bg5 Be7 9. Bg2 Be6 10. h3 Nbd7 11. Qd2 b5 12. f4 Nb6 13. b3 Rc8 14. a3 Qc7 15. O-O O-O 16. f5 Bd7 17. g4 Bc6 18. Bxf6 Bxf6 19. g5 Bd8 20. h4 a5 21. Ng3 Bb7 22. Nxb5 Qc5+ 23. Kh1 Qxb5 24.
Nxh5 d5 25. exd5 Bxd5 26. c4 Bxg2+ 27. Qxg2 Qxb3 28. Nf6+ Kh8 29. Qg4 g6 30. fxg6 fxg6 31. Ne4 Rxf1+ 32. Rxf1 Qxc4 33. Rf8+ Kg7 34. Qf3 Be7 35. Rf6 Nd7 36. h5 Bxf6 37. gxf6+ Kf8 38. hxg6 Qc1+ 39. Kg2 Rc2+ 40. Nf2 Qg5+ 41. Kf1 Qxf6 42. g7+ Kxg7 43. Qg4+ Kf8 0-1

[Event "*** Titled Tuesday 3|2 Blitz"]
[Site "Chess.com"]
[Date "2016.07.05"]
[Round "8"]
[White "jeaston1"]
[Black "RobertRis"]
[Result "0-1"]
[WhiteElo "2140"]
[BlackElo "2424"]
[TimeControl "180+2"]
[EndTime "12:43:47 PDT"]
[Termination "RobertRis won by resignation"]

1. d4 Nf6 2. c4 e6 3. Nc3 d5 4.
cxd5 exd5 5. Bg5 c6 6. e3 Nbd7 7. Bd3 Be7 8. Nge2 Nh5 9. Bxe7 Qxe7 10. O-O Nhf6 11. Qd2 O-O 12. f3 c5 13. Kh1 Re8 14.
e4 cxd4 15. Nxd4 dxe4 16. Nxe4 Nxe4 17. Bxe4 Nf6 18. Rfe1 Qd8 19. Rad1 Nxe4 20. Rxe4 Rxe4 21. fxe4 Bg4 22. Re1 Qd7 23. Qe3 Rd8 24. h3 Bxh3 25. gxh3 Qxd4 26. Qxd4 Rxd4 27. Re2 Kf8 28. Kg2 Ke7 29. Kg3 Ke6 30. Kf4 f6 31. h4 Rd3 32.
Rg2 g6 33. Rc2 Kd6 34. Rc4 a6 35. Rc2 Rh3 36. Kg4 Rh1 37. Rc8 Rh2 38. b3 Rxa2 39.
Rh8 h5+ 40. Kf4 Rg2 41. Rf8 Rg4+ 42. Kf3 Ke5 43. Re8+ Kd4 44. Rb8 b5 45. Rb6 Rxe4 46.
Rxf6 Rxh4 47. Rxa6 Rh3+ 48. Kf4 Rxb3 49. Rxg6 h4 50.
Kg4 Rg3+ 0-1

[Event "*** Titled Tuesday 3|2 Blitz"]
[Site "Chess.com"]
[Date "2016.07.05"]
[Round "8"]
[White "Schemato"]
[Black "Makalexa"]
[Result "1-0"]
[WhiteElo "2216"]
[BlackElo "2168"]
[TimeControl "180+2"]
[EndTime "12:43:53 PDT"]
[Termination "Schemato won by resignation"]

1. c4 c5 2. g3 g6 3. Bg2 Bg7 4. Nc3 Nc6 5. Nf3 e6 6. d3 Nge7 7. Bg5 h6 8. Bd2 Nf5 9. Rb1 O-O 10. O-O d5 11. a3 dxc4 12. dxc4 Ncd4 13. e3 Nxf3+ 14. Bxf3 Rb8 15. Qc2 a6 16. Rfd1 b5 17. Ne4 Qc7 18. Bc3 Bb7 19. Bxg7 Kxg7 20. Qc3+ e5 21.
cxb5 axb5 22. Rd2 Bxe4 23. Bxe4 Rfd8 24. Bxf5 gxf5 25. Rbd1 f6 26. Rxd8 Rxd8 27. Rxd8 Qxd8 28. Qxc5 Qd1+ 29. Kg2 e4 30. Qxf5 Qd3 31. h4 Kf7 32.
Qh7+ Ke6 33. Qxh6 Qc2 34. Qf4 f5 35. Qh6+ Kd5 36. Qf6 Kc4 37. Qxf5 Kd3 38. Qxb5+ Kd2 39. Qb4+ Kd1 40. Qd4+ Ke2 41. h5 Qb1 42. Qc4+ Ke1 43. Qf1+ Kd2 44. Qxb1 Ke2 45. b4 1-0

[Event "*** Titled Tuesday 3|2 Blitz"]
[Site "Chess.com"]
[Date "2016.07.05"]
[Round "8"]
[White "Sanan_Sjugirov"]
[Black "EltajSafarli"]
[Result "0-1"]
[WhiteElo "2668"]
[BlackElo "2793"]
[TimeControl "180+2"]
[EndTime "12:44:12 PDT"]
[Termination "EltajSafarli won by resignation"]

1. d4 Nf6 2. Nf3 g6 3. Bg5 Bg7 4. Nbd2 O-O 5. e3 d6 6. Bc4 Nc6 7. O-O h6 8. Bh4 e5 9. c3 Qe8 10. a4 Bf5 11. a5 a6 12. b4 Ne4 13. Nxe4 Bxe4 14. Nd2 Bf5 15. Bd5 Be6 16. Qb3 Bxd5 17. Qxd5 Qe6 18. Qxe6 fxe6 19. Rfb1 exd4 20. cxd4 Na7 21.
Rc1 Nb5 22. Ne4 Rf7 23. Nc3 Nxc3 24. Rxc3 e5 25. Rd1 exd4 26. exd4 Re8 27. f3 d5 28. Bf2 c6 29. Kf1 Rfe7 30. Rcc1 Re2 31. Rb1 Ra2 32.
Re1 Rxe1+ 33. Rxe1 Kf7 34. Rb1 h5 35. h3 Bf6 36. g4 Rc2 37. Be3 Rc4 38. Ke2 Bxd4 39.
Bd2 Bf6 40. Kd3 Rd4+ 41. Ke2 Rc4 42. Kd3 Be7 43. Rb3 Bd6 44. Rb1 Kf6 45. Rb3 Be5 46.
Rb1 Bd6 47. Rb3 Bf4 48. Bc3+ Kg5 49. Rb1 Kh4 50. Rh1 Kg3 51. gxh5 gxh5 52. Rg1+ Kxf3 53.
Rg8 Bd6 54. Rg5 Bxb4 55. Be5 h4 56. Rf5+ Kg2 57. Rf7 Kxh3 58. Rxb7 Bxa5 59. Ra7 Be1 60. Rxa6 Bg3 0-1

[Event "*** Titled Tuesday 3|2 Blitz"]
[Site "Chess.com"]
[Date "2016.07.05"]
[Round "8"]
[White "GianmarcoVaR"]
[Black "theprosecution1"]
[Result "0-1"]
[WhiteElo "2388"]
[BlackElo "2519"]
[TimeControl "180+2"]
[EndTime "12:44:14 PDT"]
[Termination "theprosecution1 won on time"]

1. d4 Nf6 2. c4 e6 3. g3 d5 4.
Bg2 Be7 5. Nf3 O-O 6. O-O dxc4 7. Qc2 b5 8. a3 Bb7 9. Nc3 a6 10. e4 Nc6 11. Be3 Na5 12. Rad1 Qe8 13. Ne5 Rd8 14. f4 Nb3 15. Bf3 c5 16. Ne2 cxd4 17. Nxd4 Bc5 18. Qc3 Bxd4 19. Bxd4 Bxe4 20. Bb6 Rxd1 21. Rxd1 Bxf3 22.
Qxf3 Nd5 23. Bf2 Qa8 24. f5 Nf6 25. Qxa8 Rxa8 26. fxe6 fxe6 27. Rd6 Ne4 28. Rxe6 Rd8 29. Be3 h6 30. Kg2 Nbc5 31. Rc6 Na4 32. Rc7 Nxb2 33.
Nc6 Rd3 34. Bd4 c3 35. Re7 Nf6 36. Rc7 Nc4 37. Ne7+ Kf7 38. Nf5+ Kg6 39. Ne7+ Kh5 40. Bxc3 Rxc3 41. Kh3 Rc2 42. Nf5 Ne3 43. Nxe3 Rxc7 0-1

[Event "*** Titled Tuesday 3|2 Blitz"]
[Site "Chess.com"]
[Date "2016.07.05"]
[Round "8"]
[White "AdamHunt1"]
[Black "Cayse"]
[Result "0-1"]
[WhiteElo "2393"]
[BlackElo "2573"]
[TimeControl "180+2"]
[EndTime "12:44:19 PDT"]
[Termination "Cayse won by resignation"]

1. e4 e5 2. Nf3 Nc6 3. Bb5 a6 4. Ba4 Nf6 5. O-O Be7 6. Re1 b5 7. Bb3 O-O 8. h3 Bb7 9. d3 d6 10. a4 Na5 11. Ba2 b4 12. Nbd2 c5 13. Nf1 Bc8 14. Ne3 Be6 15. Bd5 Nxd5 16. exd5 Bd7 17. b3 f5 18. Bb2 f4 19. Nf1 Qe8 20. Kh2 Qf7 21. N1d2 Qxd5 22. Ne4 Nc6 23. Qd2 Rab8 24. Re2 a5 25. Rae1 Nd4 26. Bxd4 cxd4 27. Qc1 Rbc8 28.
Nfd2 Qe6 29. f3 Bh4 30. Nf2 Rf6 31. Nc4 Rg6 32. Nxa5 Bxf2 33. Rxf2 d5 34. Rfe2 Qb6 35. Rxe5 Qxa5 36. Qxf4 Rf8 37. Qxd4 Bc6 38. Re6 Qc7+ 39.
Kh1 Qg3 40. R1e2 Rxe6 41. Rxe6 Rxf3 42. gxf3 Qxh3+ 43. Kg1 Qxe6 44. Kf2 Qd6 45. a5 Bd7 46. Qb6 Qxb6+ 47. axb6 Bc6 48. Ke3 h5 49. Kd4 h4 50.
Kc5 Ba8 0-1

[Event "*** Titled Tuesday 3|2 Blitz"]
[Site "Chess.com"]
[Date "2016.07.05"]
[Round "8"]
[White "ilya261991"]
[Black "Journey_to_GrandMaster_YT"]
[Result "1-0"]
[WhiteElo "2459"]
[BlackElo "2422"]
[TimeControl "180+2"]
[EndTime "12:44:19 PDT"]
[Termination "ilya261991 won by resignation"]

1. d4 d6 2. e4 Nf6 3. Bd3 e5 4. c3 g6 5. Ne2 Bg7 6. O-O O-O 7. f4 Nbd7 8. Ng3 a6 9. a4 b6 10. f5 Bb7 11. d5 c6 12. c4 cxd5 13. cxd5 Nc5 14. Bc2 a5 15. Nc3 Ba6 16. Rf2 Rc8 17. Bg5 h6 18. Be3 g5 19. Nh5 Nxh5 20. Qxh5 Nd3 21.
Bxd3 Bxd3 22. f6 Bxf6 23. Qxh6 Bg7 24. Qxg5 Qxg5 25. Bxg5 f6 26. Be3 Rc4 27. Bxb6 Bxe4 28. Nxe4 Rxe4 29. Bxa5 Ra8 30. b4 Bh6 31. Rxf6 Be3+ 32.
Kh1 Bd4 33. Raf1 Bc3 34. Rxd6 Bxb4 35. Bxb4 Rxb4 36. Re6 e4 37. d6 Rd4 38. d7 Rxd7 39.
Rxe4 Rd2 40. Rg4+ Kh8 41. h3 Rd5 42. Rf6 Kh7 43. Kh2 Rd2 44. Rf5 Kh6 45. Rf6+ Kh7 46. Rf5 Kh6 47. a5 Ra2 48. Rb5 Ra7 49. h4 Ra3 50. g3 Ra2+ 51. Kh3 Rc7 52. Rb6+ Kh7 53.
a6 Rcc2 54. Rf4 Kg7 55. Rb7+ Kg6 56. a7 Rh2+ 57. Kg4 Rhc2 58. h5+ 1-0

[Event "*** Titled Tuesday 3|2 Blitz"]
[Site "Chess.com"]
[Date "2016.07.05"]
[Round "8"]
[White "Hikaru"]
[Black "OparinGrigoriy"]
[Result "1-0"]
[WhiteElo "2996"]
[BlackElo "2648"]
[TimeControl "180+2"]
[EndTime "12:44:26 PDT"]
[Termination "Hikaru won by resignation"]

1. e4 c5 2. Nf3 d6 3. d4 cxd4 4. Nxd4 Nf6 5. Nc3 a6 6. Nb3 e6 7. g4 b5 8. g5 Nfd7 9. Bg2 Bb7 10. O-O Nc6 11. Be3 Be7 12. f4 O-O 13. h4 b4 14.
Ne2 a5 15. f5 a4 16. Nbd4 Nxd4 17. Nxd4 Nc5 18. Qg4 exf5 19. exf5 Bxg2 20. Qxg2 Re8 21. f6 Bf8 22. fxg7 Bxg7 23. Nf5 Re6 24. Rad1 Ne4 25.
Bd4 Bxd4+ 26. Rxd4 Qb6 27. Kh2 Rae8 28. Qf3 Kh8 29.
Rdd1 Qc7 30. Nd4 Re5 31. Qxf7 Qxf7 32. Rxf7 Nc5 33. Rdf1 b3 34. cxb3 axb3 35. axb3 Re4 36. R1f4 Rxf4 37. Rxf4 Rb8 38. Nf5 Rxb3 39. Nxd6 Rxb2+ 40. Kg3 Rb8 41. Kg4 Ne6 42. Re4 Nc5 43. Re7 Nd3 44. Nf5 Rb4+ 45. Kg3 Rb8 46. Nh6 Nb4 47.
Rd7 Nc6 48. Nf7+ Kg8 49. Kg4 Rb4+ 50. Kh5 Rb8 51. Nh6+ Kh8 52. Ng4 Rd8 53. Rc7 1-0

[Event "*** Titled Tuesday 3|2 Blitz"]
[Site "Chess.com"]
[Date "2016.07.05"]
[Round "8"]
[White "underdogchss"]
[Black "Matibar"]
[Result "0-1"]
[WhiteElo "2349"]
[BlackElo "2561"]
[TimeControl "180+2"]
[EndTime "12:44:33 PDT"]
[Termination "Matibar won by resignation"]

1. d4 Nf6 2. Nf3 c5 3. d5 e6 4. c4 b5 5. Bg5 Qa5+ 6. Qd2 Qxd2+ 7. Nfxd2 bxc4 8. Bxf6 gxf6 9. e4 Rg8 10. g3 Bd6 11.
Nxc4 Ke7 12. Nc3 Ba6 13. Nxd6 Kxd6 14. O-O-O Ke7 15. d6+ Kf8 16. Bg2 Bb7 17. f4 Kg7 18. Rhe1 Rc8 19. Bh3 Nc6 20. Nb5 Nd4 21. Nxd4 cxd4+ 22. Kb1 e5 23. Bxd7 Rd8 24. Bf5 Rxd6 25. Kc2 Rad8 26.
Kd2 Bc8 27. Rc1 Bxf5 28. exf5 Rd5 29. Kd3 exf4 30. g4 h5 31. h3 hxg4 32. hxg4 Kh6 33.
Rh1+ Kg5 34. Rcg1 f3 35. Ke4 Re5+ 36. Kxf3 Re3+ 37. Kf2 Rde8 38. Re1 Kxg4 39. Rxe3 Rxe3 40. Rd1 Re4 41. b4 Kxf5 42. b5 Ke5 43. Kf3 Re3+ 44.
Kf2 Ra3 45. Rd2 f5 46. Rb2 f4 47. Re2+ Kd5 48. Rc2 f5 49. Rb2 f3 50. Kg3 Ke4 51.
b6 axb6 52. Rxb6 Rxa2 53. Re6+ Kd5 54. Re8 Re2 55. Rd8+ Ke4 56. Rd7 f4+ 57. Kh3 Ke3 58. Re7+ Kd2 59. Ra7 d3 60. Ra2+ Ke3 61. Ra1 d2 62.
Ra3+ Kf2 63. Ra1 Re1 64. Ra2 Ke2 65. Kg4 f2 0-1

[Event "*** Titled Tuesday 3|2 Blitz"]
[Site "Chess.com"]
[Date "2016.07.05"]
[Round "8"]
[White "AndreyOstrovskiy"]
[Black "ftorodent"]
[Result "1-0"]
[WhiteElo "2505"]
[BlackElo "2388"]
[TimeControl "180+2"]
[EndTime "12:44:34 PDT"]
[Termination "AndreyOstrovskiy won by checkmate"]

1. e4 e6 2. d4 d5 3. Nc3 Bb4 4. e5 Qd7 5. a3 Bxc3+ 6. bxc3 b6 7. Qg4 f5 8. Qg3 Ba6 9. Bxa6 Nxa6 10.
Ne2 Qf7 11. a4 Nb8 12. a5 Nc6 13. axb6 cxb6 14. h4 Nge7 15. h5 Na5 16. Nf4 Nc4 17.
Qg5 Nc6 18. h6 g6 19. Qg3 Nd8 20. Nh3 Qc7 21. Bg5 Nf7 22. Bf6 Rg8 23. Nf4 Kd7 24.
Nd3 g5 25. Bg7 a5 26. O-O Nd2 27. Rfd1 Ne4 28. Qh3 Nxc3 29. Re1 Ne4 30. f3 Nc3 31. Ra3 Nb5 32. Qh5 Ke7 33. Ra2 Nxd4 34. Kh2 Rac8 35.
Rb1 b5 36. c3 Qxc3 37. Bf6+ Kf8 38. Rc1 Qxc1 39. Nxc1 Rxc1 40. Rxa5 Rc8 41. Ra7 Rg6 42.
Bg7+ Kg8 43. Rb7 Rd8 44. Kg1 Rc8 45. Kh2 Rd8 46. f4 g4 47. Qh4 Re8 48. Kg3 Nc6 49. Qh1 b4 50. Qc1 Nfd8 51. Qc5 Nxb7 52. Qxc6 Re7 53.
Qc8+ Kf7 54. Qf8# 1-0

[Event "*** Titled Tuesday 3|2 Blitz"]
[Site "Chess.com"]
[Date "2016.07.05"]
[Round "8"]
[White "Hieronymus00"]
[Black "thymathgeek"]
[Result "1-0"]
[WhiteElo "2149"]
[BlackElo "2061"]
[TimeControl "180+2"]
[EndTime "12:44:38 PDT"]
[Termination "Hieronymus00 won by resignation"]

1. e4 e5 2. Nf3 Nc6 3. Bb5 a6 4. Ba4 Nf6 5. O-O Be7 6. Re1 b5 7. Bb3 d6 8. c3 O-O 9. h3 Re8 10. d4 Bf8 11. Nbd2 Nb8 12. a4 Bb7 13. Qe2 bxa4 14.
Bxa4 Nbd7 15. Qd3 c6 16. Bb3 c5 17. d5 g6 18. Bc4 Qb6 19. Nb3 a5 20. Ra4 Qc7 21. Bb5 Nb6 22. Bxe8 Nxa4 23. Bxa4 c4 24. Qc2 cxb3 25. Qxb3 Ba6 26. Bg5 Bg7 27.
Bc6 Rb8 28. Qa3 Nd7 29. b4 h6 30. Be3 Bd3 31. Nd2 axb4 32. cxb4 Nb6 33. Rc1 Be2 34.
Re1 Nc4 35. Nxc4 Bxc4 36. Rc1 Be2 37. f3 Qd8 38. Qa5 Qxa5 39. bxa5 Bf8 40. Bb6 Be7 41. Kf2 Bd8 42. Kxe2 Bxb6 43. axb6 Rxb6 44. Bd7 Rb7 45. Bc6 Rb6 46. Ra1 Rb2+ 47. Kf1 Kg7 48. Ra7 Kf6 49. Rd7 Kg5 50. Rxd6 Kf4 51. Rf6+ Kg3 52.
Rxf7 Rb1+ 53. Ke2 Kxg2 54. Rf6 Rb2+ 55. Ke3 Rb3+ 56. Kd2 Rxf3 57. Rxf3 Kxf3 58. d6 1-0

[Event "*** Titled Tuesday 3|2 Blitz"]
[Site "Chess.com"]
[Date "2016.07.05"]
[Round "8"]
[White "Alliswell998"]
[Black "GeorgMeier"]
[Result "0-1"]
[WhiteElo "2176"]
[BlackElo "2660"]
[TimeControl "180+2"]
[EndTime "12:44:50 PDT"]
[Termination "GeorgMeier won by resignation"]

1. e4 e6 2. d4 d5 3. Nc3 dxe4 4. Nxe4 Nd7 5. Nf3 Ngf6 6. Bg5 h6 7. Bxf6 Nxf6 8. Bb5+ c6 9. Bd3 Be7 10. Qe2 b6 11. O-O Bb7 12. Rfe1 O-O 13. c4 c5 14. dxc5 bxc5 15. Rad1 Qc7 16. Nxf6+ Bxf6 17. Be4 Bxe4 18. Qxe4 Bxb2 19. Rb1 Rab8 20. Red1 Bf6 21. h3 Rb4 22. a3 Rbb8 23. Nh2 Bd4 24. Nf3 e5 25. Nh4 g6 26.
Nf3 Rfe8 27. Qd5 Kg7 28. Nd2 Red8 29. Qf3 Rxb1 30. Rxb1 Rb8 31. Rd1 Rb2 32. Ne4 Qc6 33. Rf1 f5 34. Nd2 Qxf3 35. Nxf3 e4 36. Nh4 Kf6 37.
g4 f4 38. Ng2 Ke5 39. h4 a5 40. h5 gxh5 41. gxh5 Kf5 42. a4 Kg4 43. Kh2 Bxf2 44.
Kh1 Bg3 45. Rg1 Kh3 46. Nxf4+ Bxf4 47. Rg2 Rb1+ 48. Rg1 Rxg1+ 49. Kxg1 0-1

[Event "*** Titled Tuesday 3|2 Blitz"]
[Site "Chess.com"]
[Date "2016.07.05"]
[Round "8"]
[White "kpio91"]
[Black "LazovT"]
[Result "0-1"]
[WhiteElo "2529"]
[BlackElo "2325"]
[TimeControl "180+2"]
[EndTime "12:44:53 PDT"]
[Termination "LazovT won by resignation"]

1. e4 c5 2. g3 g6 3. Bg2 Bg7 4. Nf3 Nc6 5. O-O e6 6. d3 Nge7 7. c3 d5 8. Qe2 O-O 9. e5 d4 10. c4 b6 11. h4 Bb7 12. Bf4 h5 13. Nbd2 Nf5 14. Ne4 Nce7 15. Bg5 Qc7 16. Nf6+ Kh8 17. Nd2 Ng8 18. Bxb7 Qxb7 19. Nde4 b5 20. b3 Qc6 21.
g4 bxc4 22. gxf5 exf5 23. Ng3 Nxf6 24. exf6 Bxf6 25. Qd2 c3 26. Bxf6+ Qxf6 27. Qh6+ Kg8 28. Nxh5 Qh8 29. Qxh8+ Kxh8 30. Nf4 Kg7 31. Kg2 Rh8 32. Kg3 a5 33. Rae1 Rae8 34. Ng2 a4 35. Rxe8 Rxe8 36. Re1 axb3 37. axb3 Rb8 38. Rc1 Rxb3 39. Ne1 Rb2 40.
Kf3 Rd2 41. Kg2 Kf6 42. Kf1 Ke6 43. Ra1 Kd5 44. Rb1 f6 45. Ra1 c4 46. Ra5+ Kc6 47.
dxc4 d3 48. Nxd3 Rxd3 49. Ke2 Rd2+ 50. Ke3 f4+ 51. Kxf4 c2 52. Ra6+ Kc5 53. Ra5+ Kb4 54. Ra1 Rd1 0-1

[Event "*** Titled Tuesday 3|2 Blitz"]
[Site "Chess.com"]
[Date "2016.07.05"]
[Round "8"]
[White "wnstop"]
[Black "SmoothAsAHedgehog"]
[Result "0-1"]
[WhiteElo "2372"]
[BlackElo "2501"]
[TimeControl "180+2"]
[EndTime "12:44:57 PDT"]
[Termination "SmoothAsAHedgehog won by resignation"]

1. e4 c5 2. Nf3 g6 3. d4 cxd4 4. Nxd4 Bg7 5. Nc3 Nc6 6. Be3 Nf6 7. Bc4 Qa5 8. O-O d6 9. h3 O-O 10. Bb3 Qh5 11. Qxh5 Nxh5 12. Rad1 Nf6 13. Nd5 Nxd5 14. exd5 Nxd4 15. Bxd4 Bxd4 16. Rxd4 Bd7 17. Re1 Rfe8 18. Rde4 Kf8 19. g4 Rac8 20. Kg2 b5 21. c3 Rc5 22. Kf3 a5 23. a3 Bc8 24. Ke3 Bb7 25. Rd4 Ba8 26. Kd3 Rb8 27. h4 h6 28. f4 Bb7 29.
Ba2 Bc8 30. Rg1 Ba6 31. b4 Rc7 32. Rg3 Rbc8 33. Kd2 Ra8 34. Kc2 axb4 35. axb4 Bc8 36. Kb2 Bd7 37. Bb3 Rca7 38. Rd1 Rc8 39. Re1 Rac7 40.
h5 gxh5 41. gxh5 Bf5 42. Reg1 e6 43. Rd1 Ke7 44. dxe6 fxe6 45. Rg7+ Kf6 46. Rxc7 Rxc7 47. Rxd6 Rg7 48. Rb6 Rg2+ 49. Ka3 Rg3 50. Kb2 Rg2+ 51. Kc1 Rg1+ 52. Kd2 Rg2+ 53. Ke3 Rg3+ 54.
Kd2 Rd3+ 55. Ke1 Rxc3 56. Bd1 Bd3 57. Bg4 Bc4 58. f5 Rg3 59. Be2 Re3 60. fxe6 Rxe2+ 61. Kd1 Rxe6 0-1

[Event "*** Titled Tuesday 3|2 Blitz"]
[Site "Chess.com"]
[Date "2016.07.05"]
[Round "8"]
[White "ZapataCharlesS"]
[Black "VSERGUEI"]
[Result "1-0"]
[WhiteElo "2479"]
[BlackElo "2484"]
[TimeControl "180+2"]
[EndTime "12:44:58 PDT"]
[Termination "ZapataCharlesS won by resignation"]

1. e4 e6 2. d4 d5 3. exd5 exd5 4. Nf3 Nc6 5. Bb5 Bd6 6. O-O Ne7 7. Bg5 f6 8. Bh4 g5 9. Bg3 h5 10. Re1 h4 11. Bxd6 Qxd6 12. c4 dxc4 13. Na3 g4 14.
Nxc4 Qb4 15. Bxc6+ bxc6 16. Qd3 gxf3 17. Qg6+ Kd8 18.
Qxf6 Re8 19. Ne5 Bd7 20. Rac1 Kc8 21. Nxd7 Kxd7 22. d5 cxd5 23. Rxe7+ Rxe7 24. Qc6+ Kc8 25. Qxa8+ Qb8 26. Qxd5 Qxb2 27. Qa8+ Qb8 28. Qd5 Qb4 29. Qf5+ Kb7 30. Qxf3+ Kb8 31. g3 h3 32. Qf8+ Kb7 33. Qf3+ Kb8 34. Qb3 a5 35. Qd1 Ka7 36. Qf1 c5 37. Qxh3 Re1+ 38. Rxe1 Qxe1+ 39. Qf1 Qb4 40. h4 c4 41. h5 c3 42. Qc1 Qb2 43. Qe3+ Ka6 44.
Qd3+ Kb6 45. Qd4+ Kb5 46. a4+ Kc6 47. h6 Qb1+ 48. Kh2 c2 49. Qc3+ Kd5 50. Qd2+ Kc4 51. h7 c1=Q 52. Qxc1+ Qxc1 53. h8=Q Kb3 54. Qd4 Qh6+ 55.
Kg2 Qc6+ 56. f3 Qxa4 57. Qxa4+ Kxa4 58. g4 Kb3 59. g5 a4 60. g6 a3 61. g7 a2 62. g8=Q+ 1-0

[Event "*** Titled Tuesday 3|2 Blitz"]
[Site "Chess.com"]
[Date "2016.07.05"]
[Round "8"]
[White "FearlessKing64"]
[Black "hypert"]
[Result "0-1"]
[WhiteElo "2111"]
[BlackElo "2285"]
[TimeControl "180+2"]
[EndTime "12:45:02 PDT"]
[Termination "hypert won by checkmate"]

1. e4 c5 2. Nf3 e6 3. c4 a6 4. Nc3 Nc6 5. Be2 Bd6 6. O-O Qc7 7. h3 Nd4 8. d3 Ne7 9. Be3 Nec6 10. Rb1 O-O 11. a3 f5 12. b4 b6 13. b5 Nxf3+ 14.
Bxf3 Ne5 15. Be2 f4 16. Bd2 a5 17. f3 Ng6 18. Be1 Be5 19. Qd2 Bd4+ 20. Bf2 Qe5 21.
Na4 Rb8 22. Bd1 d6 23. Kh1 Bd7 24. Be1 Qg5 25. Nc3 Nh4 26. g3 Ng6 27. g4 h5 28.
Qh2 Kf7 29. Ne2 Be5 30. h4 Qf6 31. g5 Qe7 32. Bd2 Kg8 33. Qf2 d5 34. Kg2 Rbd8 35. Rh1 Bc8 36. cxd5 exd5 37. Bb3 Be6 38. d4 Bb8 39. e5 cxd4 40. Qxd4 Bxe5 41. Qxb6 Kh7 42. Bc2 Bf5 43. Bxf5 Rxf5 44. Qf2 d4 45. b6 d3 46. Nc3 Bb8 47. Ne4 Re5 48. Rbe1 Qe6 49. Rh2 Rc8 50. Qd4 Rc6 51. Qd8 Rxb6 52. Nf6+ gxf6 53. gxf6 Rxe1 54. Bxe1 Rb2+ 55. Kh1 Qxe1# 0-1

[Event "*** Titled Tuesday 3|2 Blitz"]
[Site "Chess.com"]
[Date "2016.07.05"]
[Round "8"]
[White "E-Shaposhnikov"]
[Black "platy3"]
[Result "1/2-1/2"]
[WhiteElo "2664"]
[BlackElo "2688"]
[TimeControl "180+2"]
[EndTime "12:45:13 PDT"]
[Termination "Game drawn - insufficient material"]

1. Nf3 Nf6 2. c4 g6 3. Nc3 Bg7 4. e4 d6 5. d4 O-O 6. Be2 e5 7. O-O Nc6 8. d5 Ne7 9. b4 a5 10. bxa5 Rxa5 11. a4 Nh5 12. g3 f5 13. Ng5 Nf6 14.
Bd2 Ra8 15. Bf3 fxe4 16. Ncxe4 Nf5 17. Ne6 Bxe6 18. dxe6 c6 19. Rb1 Qe7 20. Bg5 Qxe6 21. Bxf6 Bxf6 22. Rxb7 Nd4 23. Be2 Bg7 24. Bg4 Qxc4 25.
Qb1 Qxa4 26. Nxd6 Qa6 27. Ne4 Ra7 28. Rb4 Qa5 29. h4 Qd5 30. h5 gxh5 31. Bxh5 Bf6 32. Rxd4 Qxd4 33. Rd1 Qa4 34. Nxf6+ Rxf6 35. Qb8+ Kg7 36.
Qxe5 Qb5 37. Qe3 Rb7 38. Be2 Qf5 39. Bc4 Qf3 40. Qg5+ Rg6 41. Qe5+ Qf6 42. Qe8 Qe7 43. Qc8 Rxg3+ 44. fxg3 Qc5+ 45. Kg2 Rb2+ 46. Kf3 Rf2+ 47. Kg4 Qxc4+ 48. Kh3 Qe4 49. Rd7+ Rf7 50. Rd2 h5 51. Kh2 Kh7 52. Qh3 Qg6 53. Qg2 Rg7 54. Rc2 h4 55.
Rxc6 hxg3+ 56. Kg1 Qb1+ 57. Qf1 Qxf1+ 58. Kxf1 Rg6 59.
Rxg6 Kxg6 60. Kg2 Kg7 61. Kxg3 1/2-1/2

[Event "*** Titled Tuesday 3|2 Blitz"]
[Site "Chess.com"]
[Date "2016.07.05"]
[Round "9"]
[White "RobertRis"]
[Black "Gajuchess"]
[Result "0-1"]
[WhiteElo "2418"]
[BlackElo "2520"]
[TimeControl "180+2"]
[EndTime "12:48:14 PDT"]
[Termination "Gajuchess won by checkmate"]

1. Nf3 d5 2. g3 h5 3. c4 d4 4.
b4 h4 5. Nxh4 Rxh4 6. gxh4 e5 7.
e3 Qxh4 8. exd4 Qe4+ 9. Qe2 Qxh1 10. Qxe5+ Ne7 11. Nc3 Bh3 12. Qe2 Nc6 13. Ba3 Nxd4 14. Qd3 Nf3+ 15. Ke2 Bg4 16. Bh3 Nd4+ 17. Ke3 Qf3+ 18.
Kxd4 Nc6# 0-1